 Dungeon Crawl Stone Soup version 0.31-a0-175-g9f7f995f2b (webtiles) character file.

Game seed: 14596769639404232888

1123 qw the Skirmisher (level 8, -1/49 HPs)
             Began as a Gargoyle Hunter on June 17, 2023.
             Slain by an orc warrior
             ... wielding a +0 long sword
              (2 damage)
             ... on level 6 of the Dungeon.
             The game lasted 00:01:41 (4090 turns).

qw the Skirmisher (Gargoyle Hunter)                 Turns: 4090, Time: 00:01:41

Health: -1/49      AC: 16    Str: 14 (15) XL:     8   Next: 35%
Magic:  8/8        EV: 11    Int:  9 (10) God:
Gold:   250        SH:  4    Dex: 15      Spells: 7/7 levels left

rFire   . . .        Y - +0 shortbow (freeze)
rCold   . . .        (shield currently unavailable)
rNeg    + . .        h - +4 ring mail
rPois   inf          (no helmet)
rElec   +            (no cloak)
rCorr   .            b - +0 pair of gloves
SInv    .            (no boots)
Will    .....        (no amulet)
Stlth   +            (no ring)
HPRegen 0.28/turn    (no ring)
MPRegen 0.11/turn

%: no passive effects
@: no status effects
A: sickness immunity, AC +5, negative energy resistance 1, electricity
resistance, torment resistance 1, petrification resistance, large bone plates 1,
deterioration 1
a: no special abilities


You were on level 6 of the Dungeon.
You visited 1 branch of the dungeon, and saw 6 of its levels.

You collected 250 gold pieces.


Innate Abilities, Weirdness & Mutations

You are immune to sickness and miasma.
Your stone body is resilient. (AC +5)
You are immune to poison.
You resist negative energy. (rN+)
You are resistant to electric shocks. (rElec)
You are resistant to unholy torment.
You are immune to petrification.
You are partially covered in large bone plates. (SH +4)
Your body sometimes deteriorates upon taking damage.


   Skills:
 - Level 5.3 Fighting
 + Level 8.9 Ranged Weapons
 - Level 2.4 Armour
 - Level 2.2 Dodging
 - Level 1.1 Stealth


You had 7 spell levels left.
You didn't know any spells.
Your spell library was empty.

Inventory:

Hand Weapons
 Y - a +0 shortbow of freezing (weapon)
Armour
 b - a +0 pair of gloves (worn)
 d - a +0 ring mail of fire resistance
 h - a +4 ring mail (worn)
Scrolls
 a - a scroll of identify
Potions
 c - a potion of attraction
 e - 4 potions of curing
 g - a potion of lignification {unknown}
 i - a potion of magic {unknown}
 j - a potion of might {unknown}
 k - a potion of haste {unknown}
 l - 2 potions of mutation

Dungeon Overview and Level Annotations

Branches:
Dungeon (6/15)
 Temple: D:4-7

Altars:
Cheibriados
Dithmenos
Hepliaklqana
Nemelex Xobeh
Trog
Vehumet
Yredelemnul
Zin
The Shining One


Message History

The orc warrior is severely wounded.
The orc hits you but does no damage.
The orc warrior hits you with a +0 long sword.
You shoot an arrow. The arrow hits the orc warrior.
The arrow freezes the orc warrior.
The orc warrior is almost dead.
You block the orc's attack. The orc warrior barely misses you.
You shoot an arrow.
The arrow hits the orc warrior but does no damage.
The orc warrior is almost dead.
You block the orc's attack. You block the orc warrior's attack.
You shoot an arrow.
The arrow hits the orc warrior but does no damage.
The orc warrior is almost dead.
The orc hits you but does no damage. The orc warrior completely misses you.
You shoot an arrow.
The arrow closely misses the orc warrior.
The orc warrior hits you with a +0 long sword.
The orc hits you but does no damage. x2
The orc warrior hits you with a +0 long sword.
You shoot an arrow.
The arrow hits the orc warrior but does no damage.
The orc warrior is almost dead.
The orc warrior hits you but does no damage.
The orc closely misses you.
You shoot an arrow.
The arrow hits the orc warrior but does no damage.
The orc warrior is almost dead.
The orc warrior hits you with a +0 long sword.
The orc hits you but does no damage.
You shoot an arrow.
The arrow hits the orc warrior but does no damage.
The orc warrior is almost dead.
The orc warrior hits you with a +0 long sword.
The orc hits you but does no damage.
You shoot an arrow.
The arrow hits the orc warrior but does no damage.
The orc warrior is almost dead.
The orc warrior hits you with a +0 long sword.
You die...

## ###
.####..###.
.#........
.)....[..
#oo).# #@# ##.#
#.## ####.# ##
#....### ##..
###....####...#
#.........#
#.####....## ##
#....#


You could see an orc warrior and an orc.

Vanquished Creatures
  A black bear (D:5)
  A phantom (D:4)
  5 scorpions (D:5)
  A hound (D:5)
  3 jellies
  2 gnoll boudas
  4 iguanas
  Terence (D:3)
  4 orc wizards
  9 adders
  6 gnolls
  A white imp (D:5)
  2 ufetubi (D:4)
  3 worms
  19 orcs
  9 endoplasms
  5 giant cockroaches
  4 goblins
  8 hobgoblins
  4 jackals (D:1)
  3 quokkas
  5 ball pythons
  3 bats
  2 frilled lizards
  8 kobolds
  4 rats
117 creatures vanquished.

Notes
Turn   | Place    | Note
-------+----------+-------------------------------------------
     0 | D:1      | qw the Gargoyle Hunter began the quest for the Orb.
     0 | D:1      | Reached XP level 1. HP: 12/12 MP: 1/1
     0 | D:1      | 0 ||| qw: Version: 0.3-a-3-g30531e4
     0 | D:1      | 0 ||| qw: Game counter: 426
     0 | D:1      | 0 ||| qw: Always use a shield: true
     0 | D:1      | 0 ||| qw: God list: Okawaru
     0 | D:1      | 0 ||| qw: Allow faded altars: false
     0 | D:1      | 0 ||| qw: Do Orc after D:15 true
     0 | D:1      | 0 ||| qw: Do second Lair branch before Depths: true
     0 | D:1      | 0 ||| qw: Lair rune preference: random
     0 | D:1      | 0 ||| qw: Plans: Normal, Zot:1-4, Slime:5, God:TSO, Crypt,
                  | Tomb, Abyss, Pan, Hells, Win
     0 | D:1      | 0 ||| PLANNING D:1-11
   125 | D:1      | Reached XP level 2. HP: 17/17 MP: 2/2
   442 | D:1      | Reached XP level 3. HP: 21/21 MP: 3/3
   514 | D:1      | Reached skill level 5 in Ranged Weapons
   838 | D:1      | 838 ||| READING 3 scrolls labelled JIFOCO AFROSOB.
   839 | D:1      | 839 ||| READING scroll labelled IVARCH QIOH ZEEFFI.
   840 | D:1      | 840 ||| READING scroll labelled VEIM MUDWAS.
   841 | D:1      | 841 ||| READING 2 scrolls of identify.
   841 | D:1      | 841 ||| IDENTIFYING puce potion
   842 | D:1      | 842 ||| DROPPING scroll of butterflies.
  1135 | D:2      | Reached skill level 3 in Fighting
  1422 | D:2      | Reached XP level 4. HP: 28/28 MP: 4/4
  1424 | D:2      | Found a sparkling altar of Nemelex Xobeh.
  1713 | D:2      | 1713 ||| UPGRADING to +0 pair of gloves.
  1718 | D:2      | 1718 ||| READING scroll labelled JOPHINN GABER.
  1719 | D:2      | 1719 ||| READING scroll labelled UFFIAGR HEHAU.
  1736 | D:2      | 1736 ||| READING scroll labelled MUOFRE VINUE.
  1737 | D:2      | 1737 ||| READING 2 scrolls of identify.
  1737 | D:2      | 1737 ||| IDENTIFYING red potion
  1738 | D:2      | 1738 ||| DROPPING potion of ambrosia.
  1769 | D:3      | Found a faded altar of an unknown god.
  1882 | D:3      | Found a glowing golden altar of the Shining One.
  2166 | D:3      | Noticed Terence
  2169 | D:3      | Killed Terence
  2170 | D:3      | Reached skill level 6 in Ranged Weapons
  2170 | D:3      | Reached XP level 5. HP: 32/32 MP: 5/5
  2192 | D:3      | 2192 ||| UPGRADING to +0 ring mail.
  2202 | D:3      | 2202 ||| DROPPING +0 leather armour.
  2203 | D:3      | 2203 ||| READING scroll labelled DEIDERERAS.
  2204 | D:3      | 2204 ||| READING scroll labelled VUHIXTU BOITH.
  2205 | D:3      | 2205 ||| DRINKING 2 glowing black potions.
  2205 | D:3      | Gained mutation: You are partially covered in large bone
                  | plates. (SH +4) [potion of mutation]
  2205 | D:3      | Gained mutation: Your body sometimes deteriorates upon
                  | taking damage. [potion of mutation]
  2273 | D:4      | Reached skill level 1 in Armour
  2546 | D:4      | Found a glowing silver altar of Zin.
  2548 | D:4      | Found a snail-covered altar of Cheibriados.
  2548 | D:4      | Found a radiant altar of Vehumet.
  2577 | D:4      | Reached XP level 6. HP: 39/39 MP: 6/6
  2868 | D:4      | Found a shadowy altar of Dithmenos.
  3145 | D:4      | 3145 ||| UPGRADING to +4 ring mail.
  3155 | D:4      | 3155 ||| DROPPING +0 ring mail.
  3156 | D:4      | 3156 ||| READING scroll labelled QOITAVV NENGE.
  3171 | D:5      | Entered Level 5 of the Dungeon
  3171 | D:5      | Found a hazy altar of Hepliaklqana.
  3182 | D:5      | Reached skill level 7 in Ranged Weapons
  3198 | D:5      | HP: 9/39 [white imp/puff of frost (7)]
  3203 | D:5      | Reached XP level 7. HP: 10/44 MP: 7/7
  3205 | D:5      | HP: 10/44 [gnoll/+0 halberd[a gnoll bouda] (1)]
  3206 | D:5      | HP: 2/44 [white imp (5)]
  3441 | D:5      | Reached skill level 8 in Ranged Weapons
  3582 | D:5      | Reached XP level 8. HP: 49/49 MP: 8/8
  3794 | D:5      | 3794 ||| DROPPING +0 ring mail of positive energy.
  3795 | D:5      | 3795 ||| READING scroll labelled CUIXKE MOELEFI.
  3798 | D:5      | 3798 ||| READING scroll labelled SYNOWK YTUUNOWUB.
  3799 | D:5      | 3799 ||| READING 3 scrolls of identify.
  3799 | D:5      | 3799 ||| IDENTIFYING bubbling clear potion
  3800 | D:5      | 3800 ||| READING 2 scrolls of identify.
  3800 | D:5      | 3800 ||| IDENTIFYING pink potion
  3801 | D:5      | 3801 ||| DROPPING potion of brilliance.
  3831 | D:6      | 3831 ||| STAIRDANCE
  3836 | D:5      | 3836 ||| DRINKING 4 potions of curing.
  3836 | D:5      | 3836 ||| (to cure confusion)
  3903 | D:6      | Found a bloodstained altar of Trog.
  3935 | D:6      | Found a basalt altar of Yredelemnul.
  4086 | D:6      | HP: 11/49 [orc warrior/+0 long sword (2)]
  4089 | D:6      | HP: 1/49 [orc warrior/+0 long sword (5)]
  4090 | D:6      | Slain by an orc warrior

Levels and vault maps discovered:
D:1:      dpeg_arrival_rooms_c, layout_basic
D:2:      layout_basic, basic_altar
D:3:      layout_rooms, mainiacjoe_overflow_concentric_impassable,
          hellmonk_ecumenical_altar_slurped_away, uniq_terence
D:4:      layout_basic, mainiacjoe_overflow_chevrons,
          gammafunk_temple_overflow_forgotten, minmay_diced_spiral
D:5:      layout_rooms, nicolae_hepliaklqana_hazy_memory,
          chequers_serial_rivers_small_b
D:6:      layout_layer_cave, old_standard_altar, yredelemnul_altar_generic,
          minmay_temple_entry_statues

Skill      XL: |  1  2  3  4  5  6  7 |
---------------+----------------------+-----
Ranged Weapons | 5 6 7 8 |  8.9
Fighting       | 3 4 5 |  5.3
Armour         | 1 2 |  2.4
Dodging        | 2 |  2.2
Stealth        | |  1.1

Action                     |  1- 3 |  4- 6 |  7- 9 || total
---------------------------+-------+-------+-------++-------
   Fire: Shortbow          |   105 |   160 |   134 ||   399
    Use: Scroll            |     4 |     7 |     4 ||    15
         Potion            |       |     1 |     1 ||     2
 Armour: Leather armour    |     9 |     3 |       ||    12
         Ring mail         |       |    25 |    72 ||    97
  Dodge: Dodged            |    15 |    41 |    78 ||   134
  Block: Other             |       |    13 |    28 ||    41

Table legend:
 A = Non-vault XP
 B = Vault XP
 C = Vault XP percentage of total XP
 D = Non-vault monster count
 E = Vault monster count
 F = Vault count percentage of total count
                 A         B        C        D         E       F
            +---------+---------+-------+---------+---------+-------
      Total |    1451 |     154 |   9.6 |     108 |       9 |   7.7
            +---------+---------+-------+---------+---------+-------
        D:1 |      42 |       0 |   0.0 |      27 |       0 |   0.0
        D:2 |      65 |       0 |   0.0 |      16 |       0 |   0.0
        D:3 |      46 |      38 |  45.2 |      13 |       2 |  13.3
        D:4 |     254 |     116 |  31.4 |      20 |       7 |  25.9
        D:5 |     840 |       0 |   0.0 |      23 |       0 |   0.0
        D:6 |     204 |       0 |   0.0 |       9 |       0 |   0.0
            +---------+---------+-------+---------+---------+-------
